 Dungeon Crawl Stone Soup version 0.31-a0-165-g3f4f80340b (webtiles) character file.

Game seed: 9191707522212083439

74 qw the Chopper (level 4, -13/28 HPs)
             Began as a Gargoyle Fighter on June 13, 2023.
             Killed by divine providence
             ... invoked by an orc priest
              (16 damage)
             ... on level 3 of the Dungeon.
             The game lasted 00:01:02 (1867 turns).

qw the Chopper (Gargoyle Fighter)                   Turns: 1867, Time: 00:01:02

Health: -13/28     AC: 13    Str: 21    XL:     4   Next: 28%
Magic:  4/4        EV: 12    Int:  9    God:
Gold:   97         SH:  4    Dex:  9    Spells: 3/3 levels left

rFire   . . .        Y - +0 war axe
rCold   . . .        c - +0 buckler
rNeg    + . .        k - +0 chain mail
rPois   inf          j - +0 helmet
rElec   +            (no cloak)
rCorr   .            (no gloves)
SInv    .            (no boots)
Will    .....        (no amulet) Stlth
                     a - +5 ring of evasion
HPRegen 0.24/turn    (no ring)
MPRegen 0.09/turn

%: no passive effects
@: about to teleport, very slow
A: sickness immunity, AC +3, negative energy resistance 1, electricity
resistance, torment resistance 1, petrification resistance
a: no special abilities


You were on level 3 of the Dungeon.
You visited 1 branch of the dungeon, and saw 3 of its levels.

You collected 97 gold pieces.


Innate Abilities, Weirdness & Mutations

You are immune to sickness and miasma.
Your stone body is resilient. (AC +3)
You are immune to poison.
You resist negative energy. (rN+)
You are resistant to electric shocks. (rElec)
You are resistant to unholy torment.
You are immune to petrification.


   Skills:
 - Level 3.2 Fighting
 + Level 4.0 Axes
 - Level 3.2 Armour
 - Level 3.2 Shields


You had 3 spell levels left.
You didn't know any spells.
Your spell library was empty.

Inventory:

Hand Weapons
 f - a +0 club
 Y - a +0 war axe (weapon)
Armour
 c - a +0 buckler (worn)
 j - a +0 helmet (worn)
 k - a +0 chain mail (worn)
Jewellery
 a - a +5 ring of evasion (left hand)
Scrolls
 i - a scroll of blinking {unknown}
Potions
 d - a potion of might
 e - a potion of brilliance {unknown}
 g - a potion of heal wounds {unknown}
 h - a potion of degeneration {unknown}

Dungeon Overview and Level Annotations

Branches:
Dungeon (3/15)

Altars:

Annotations:
D:2 1 runed translucent door, Crazy Yiuf


Message History

You hit the orc priest.
The orc priest is lightly wounded.
The orc priest calls down the wrath of Beogh upon you.
Pain shoots through your body!
Your unstable footing causes you to fumble your attack.
You block the orc priest's attack.
Your unstable footing causes you to fumble your attack.
The orc priest hits you with a +0 mace.
The orc priest calls down the wrath of Beogh upon you.
Pain shoots through your body!
You hit the orc priest.
The orc priest is heavily wounded.
The orc priest hits you with a +0 mace.
You closely miss the orc priest.
The orc priest is heavily wounded.
You block the orc priest's attack.
Your unstable footing causes you to fumble your attack.
You block the orc priest's attack. x2
Your unstable footing causes you to fumble your attack.
You block the orc priest's attack.
Your unstable footing causes you to fumble your attack.
The orc priest hits you but does no damage.
You hit the orc priest.
The orc priest is severely wounded.
The orc priest calls down the wrath of Beogh upon you.
Beogh smites you!
Ouch! That really hurt!
The orc priest closely misses you.
1865 ||| READING scroll of teleportation.
As you read the scroll of teleportation, it crumbles to dust.
You feel strangely unstable.
The orc priest hits you but does no damage.
Your unstable footing causes you to fumble your attack.
The orc priest barely misses you.
You completely miss the orc priest.
The orc priest is severely wounded.
The orc priest calls down the wrath of Beogh upon you.
Beogh smites you!
Ouch! That really hurt!
You die... #.# +7## #.###### #PPP

## #.##...#
###7~~777~# #.##...#
#.~~~P~~~7
#.>....###.7~~~~~~7
#..........7P~~~~~777
#..........7P~~~~~~~77
#.......)..~~~~~~~~~~~
#.##...###.)~~@o~~~~~~
#.##...# #..)).....)..
#.##...# #..~~~~~~~~~~
..###### ###7~~~P~~~~~
# #~~P~~~~~~
#.~7P~~~~~ #.#~77~P~~
#.##7 77~~ #..


You could see an orc priest.

Vanquished Creatures
  2 adders (D:2)
  A worm (D:2)
  A dart slug (D:1)
  2 orcs (D:3)
  2 ball pythons (D:1)
  3 endoplasms
  4 giant cockroaches
  3 goblins
  5 hobgoblins (D:1)
  3 jackals (D:2)
  A quokka (D:2)
  4 bats
  5 frilled lizards
  5 kobolds
  6 rats
47 creatures vanquished.

Notes
Turn   | Place    | Note
-------+----------+-------------------------------------------
     0 | D:1      | qw the Gargoyle Fighter began the quest for the Orb.
     0 | D:1      | Reached XP level 1. HP: 14/14 MP: 1/1
     0 | D:1      | 0 ||| qw: Version: 0.2-a-29-gc1b59c4
     0 | D:1      | 0 ||| qw: Game counter: 4756
     0 | D:1      | 0 ||| qw: Always use a shield: true
     0 | D:1      | 0 ||| qw: God list: Okawaru
     0 | D:1      | 0 ||| qw: Allow faded altars: false
     0 | D:1      | 0 ||| qw: Do Orc after D:15 true
     0 | D:1      | 0 ||| qw: Do second Lair branch before Depths: true
     0 | D:1      | 0 ||| qw: Lair rune preference: random
     0 | D:1      | 0 ||| qw: Plans: Normal, Zot:1-4, Slime:5, God:TSO, Crypt,
                  | Tomb, Abyss, Pan, Hells, Win
     0 | D:1      | 0 ||| PLANNING D:1-11
   107 | D:1      | Reached skill level 2 in Axes
   162 | D:1      | Reached XP level 2. HP: 19/19 MP: 2/2
   478 | D:1      | Reached skill level 3 in Axes
   516 | D:1      | Reached XP level 3. HP: 21/23 MP: 3/3
   535 | D:1      | Found a faded altar of an unknown god.
   742 | D:1      | 742 ||| UPGRADING to +0 helmet.
   747 | D:1      | 747 ||| UPGRADING to +0 chain mail.
   757 | D:1      | 757 ||| DROPPING +0 scale mail.
   758 | D:1      | 758 ||| READING scroll labelled ZIPUET LUMIK.
   859 | D:1      | 859 ||| READING 2 scrolls labelled ZUPAOG ASUVOIN.
   860 | D:1      | 860 ||| READING 2 scrolls labelled PAMU TUSUSUODO.
   861 | D:1      | 861 ||| DROPPING scroll of vulnerability.
   862 | D:1      | 862 ||| DROPPING scroll of noise.
  1022 | D:2      | 1022 ||| Stepping ~*~*~tactically~*~*~ (stealth).
  1162 | D:2      | 1162 ||| Stepping ~*~*~tactically~*~*~ (stealth).
  1214 | D:2      | Found a runed translucent door.
  1215 | D:2      | Noticed Crazy Yiuf
  1273 | D:2      | Reached XP level 4. HP: 28/28 MP: 4/4
  1635 | D:2      | 1635 ||| UPGRADING to +5 ring of evasion.
  1636 | D:2      | 1636 ||| READING 2 scrolls labelled ASIXOQ LENU.
  1748 | D:3      | 1748 ||| Stepping ~*~*~tactically~*~*~ (hiding).
  1768 | D:3      | 1768 ||| Stepping ~*~*~tactically~*~*~ (water).
  1771 | D:3      | Reached skill level 4 in Axes
  1778 | D:3      | 1778 ||| FLEEEEING.
  1779 | D:3      | 1779 ||| FLEEEEING.
  1780 | D:3      | 1780 ||| FLEEEEING.
  1781 | D:3      | 1781 ||| FLEEEEING.
  1864 | D:3      | HP: 2/28 [orc priest/divine providence (15)]
  1865 | D:3      | 1865 ||| READING scroll of teleportation.
  1867 | D:3      | Killed from afar by an orc priest

Levels and vault maps discovered:
D:1:      mainiacjoe_arrival_reflecting_pool, layout_basic,
          shapermc_ecumenical_altar_acropolis, nrook_campfire
D:2:      layout_basic, minivault_23, uniq_crazy_yiuf_cottage
D:3:      layout_loops_corners, mainiacjoe_overflow_concentric_impassable,
          serial_bayou, serial_bayou_lagoon_b, serial_bayou_pond_e,
          serial_bayou_pond_e, serial_bayou_lagoon_a

Skill      XL: |  1  2  3  4 |
---------------+-------------+-----
Axes           | 2 3 4 |  4.0
Fighting       | |  3.2
Armour         | |  3.2
Shields        | |  3.2

Action                     |  1- 3 |  4- 6 || total
---------------------------+-------+-------++-------
  Melee: War axe           |   124 |    38 ||   162
    Use: Scroll            |     3 |     2 ||     5
 Armour: Scale mail        |    40 |       ||    40
         Chain mail        |    34 |    12 ||    46
  Dodge: Dodged            |    52 |     7 ||    59
  Block: Buckler           |    22 |    11 ||    33

Table legend:
 A = Non-vault XP
 B = Vault XP
 C = Vault XP percentage of total XP
 D = Non-vault monster count
 E = Vault monster count
 F = Vault count percentage of total count
                 A         B        C        D         E       F
            +---------+---------+-------+---------+---------+-------
      Total |     106 |       0 |   0.0 |      47 |       0 |   0.0
            +---------+---------+-------+---------+---------+-------
        D:1 |      40 |       0 |   0.0 |      25 |       0 |   0.0
        D:2 |      57 |       0 |   0.0 |      18 |       0 |   0.0
        D:3 |       9 |       0 |   0.0 |       4 |       0 |   0.0
            +---------+---------+-------+---------+---------+-------
